Nordiques vs Flames (R2)

Created - 23 avril 2014 at 22:53

Goals
1 2 3 T
Nordiques 0 2 0 2
Flames 2 2 1 5
Shots
1 2 3 T
Nordiques 6 16 12 34
Flames 10 14 11 35

1st period

1. Flames , Milan Hejduk 4 (Steve Eminger, Michal Handzus) at 5:21
2. Flames , Branko Radivojevic 2 (Marcel Goc, Erik Johnson) at 18:49

Penalties :
Éric Belanger (Que) for Roughing (Minor) at 1:05, Josef Vasicek (Cal) for Fighting (Major) at 7:57, Jordan Eberle (Que) for Fighting (Major) at 7:57, Ales Kotalik (Que) for Holding (Minor) at 15:01

2nd period

3. Flames , Jordin Tootoo 2 (Josef Vasicek) at 5:15
4. Nordiques , Tyler Arnason 1 (Maxim Afinogenov, Ryan Malone) at 11:47
5. Nordiques , Jordan Eberle 1 (Simon Gagné, Vincent Lecavalier) at 16:17
6. Flames , David Backes 3 (Alexander Semin, Eric Staal) at 17:24

Penalties :
François Beauchemin (Cal) for Tripping (Minor) at 11:54

3rd period

7. Flames , Eric Staal 7 (David Backes, Alexander Semin) at 16:10

Penalties :
Josef Vasicek (Cal) for Holding (Minor) at 2:31, Alexander Semin (Cal) for Interference (Minor) at 7:57

Goalie Stats

Jean-Sébastien Giguère (Que), 30 saves from 35 shots - (0,857), L, 5-1-0, 60:00 minutes
Craig Anderson (Cal), 32 saves from 34 shots - (0,941), W, 2-1-0, 60:00 minutes

Players Stats for Nordiques

Player Name              G  A  P  +/- PIM S  H  SB GA TA FO     MP     PP MP  PK MP  
------------------------------------------------------------------------------------
Ales Kotalik             0  0  0  -2  2   0  2  0  1  0  0/0    13:45   0:00   0:00 
Alexei Ponikarovsky      0  0  0  -2  0   5  0  1  0  0  1/2     9:10   0:00   0:20 
Bryan McCabe             0  0  0  -1  0   0  5  2  1  1  0/0    23:53   3:18   0:00 
Chris Phillips           0  0  0  -1  0   2  0  2  0  0  0/0    13:19   0:00   2:16 
Éric Belanger            0  0  0  -1  2   5  0  0  0  0  2/3    11:30   0:00   0:24 
Jordan Eberle            1  0  1   1  5   1  2  0  0  1  0/1    16:41   2:59   0:00 
Jordan Leopold           0  0  0   0  0   2  6  0  0  0  0/0    24:50   3:12   1:42 
Matt Smaby               0  0  0  -3  0   0  1  2  0  1  0/0    18:56   2:50   0:00 
Mattias Weinhandl        0  0  0  -2  0   1  0  0  0  0  1/1     8:55   0:00   0:00 
Maxim Afinogenov         0  1  1   0  0   2  1  0  1  0  0/0    16:31   2:58   0:00 
Nick Schultz             0  0  0  -2  0   0  2  0  0  0  0/0    17:16   2:23   1:42 
Rickard Wallin           0  0  0  -2  0   1  3  0  0  0  2/2     9:04   0:00   0:14 
Ryan Bayda               0  0  0  -2  0   6  1  0  0  0  0/1    14:10   0:00   1:14 
Ryan Malone              0  1  1   0  0   2  2  2  0  0  0/0    17:34   2:58   1:22 
Ryan Whitney             0  0  0   1  0   0  2  0  0  1  0/0    21:46   0:11   2:16 
Simon Gagné              0  1  1   0  0   2  1  1  1  0  1/2    22:17   2:59   2:16 
Tyler Arnason            1  0  1   0  0   4  1  0  0  0  10/16  16:04   2:58   0:00 
Vincent Lecavalier       0  1  1   1  0   1  3  1  0  1  13/26  20:18   2:59   2:06 

Players Stats for Flames

Player Name              G  A  P  +/- PIM S  H  SB GA TA FO     MP     PP MP  PK MP  
------------------------------------------------------------------------------------
Alexander Semin          0  2  2   0  2   3  2  0  1  0  0/0    19:45   2:16   1:00 
Branko Radivojevic       1  0  1   1  0   3  1  0  0  0  0/0    10:37   0:00   0:13 
Darcy Hordichuk          0  0  0   1  0   0  1  0  0  1  0/1    15:52   0:00   3:02 
David Backes             1  1  2   0  0   1  5  1  1  0  0/0    17:30   1:41   0:00 
Derek Meech              0  0  0   1  0   1  1  0  0  0  0/0    16:04   0:00   2:48 
Eric Staal               1  1  2   0  0   3  2  0  0  0  13/31  21:09   2:14   1:53 
Erik Johnson             0  1  1  -1  0   1  0  0  0  0  0/0    20:57   2:32   2:21 
François Beauchemin      0  0  0  -1  2   3  1  2  0  0  0/0    22:36   2:32   2:08 
Jordin Tootoo            1  0  1   1  0   4  1  1  0  0  1/1    10:24   0:04   0:00 
Josef Vasicek            0  1  1   1  7   1  1  0  0  0  2/3    11:01   1:41   0:00 
Marcel Goc               0  1  1   1  0   3  3  0  0  0  4/7    10:24   0:00   0:00 
Mark Bell                0  0  0   1  0   1  1  0  2  0  0/0    13:42   1:41   1:21 
Michal Handzus           0  1  1   1  0   4  1  0  0  1  4/11   15:47   0:00   2:57 
Mike Leclerc             0  0  0   1  0   0  1  0  1  0  0/0    12:43   0:03   1:28 
Milan Hejduk             1  0  1   1  0   5  0  0  0  0  0/0    15:06   2:14   0:00 
Niklas Kronwall          0  0  0   3  0   1  1  0  0  0  0/0    20:33   1:26   0:15 
Ron Hainsey              0  0  0   1  0   1  0  0  0  2  0/0    15:40   1:26   0:58 
Steve Eminger            0  1  1   3  0   0  4  1  0  0  0/0    24:09   0:00   3:24 

3 Stars

1 - David Backes (Cal)
2 - Steve Eminger (Cal)
3 - Eric Staal (Cal)

Power Play

Nordiques - 0 on 3 Attempt(s) - 0,00%
Flames - 0 on 2 Attempt(s) - 0,00%

Penalty Kill

Nordiques - 2 on 2 Attempt(s) - 100,00% - Score 0 goal in Penalty Kill
Flames - 3 on 3 Attempt(s) - 100,00% - Score 0 goal in Penalty Kill

Official

Referees : Meier Brad and Pochmara Brian
Linesman : Brad Kovachik and Pierre Racicot

Game Notes

Josef Vasicek and Jordan Eberle fight to a draw at 7:57 of 1st period
Chris Phillips is injured at 11:51 of 2nd period (Right Hip)

Finance

Level 1 -- Attendance: 5548 (92,47%) -- Ticket Income 554 800 $
Level 2 -- Attendance: 3966 (79,32%) -- Ticket Income 297 450 $
Level 3 -- Attendance: 1675 (83,75%) -- Ticket Income 75 375 $
Level 4 -- Attendance: 2976 (74,40%) -- Ticket Income 104 160 $
Luxury Box -- Attendance: 859 (85,90%) -- Ticket Income 197 570 $
Game was played at the Metal Center
Total Attendance: 15024 (83,47%)
Total Ticket Income: 1 229 355 $
Other Income: 184 403 $
Total Income: 1 413 758 $

Nordiques

5 vs 5 Forward 
   Center                   Left Wing                Right Wing               Time % Phy DF OF 
 1 Vincent Lecavalier       Simon Gagné              Jordan Eberle            40     0   2  3  
 2 Tyler Arnason            Ryan Malone              Maxim Afinogenov         30     0   2  3  
 3 Éric Belanger            Ryan Bayda               Ales Kotalik             20     1   2  2  
 4 Rickard Wallin           Alexei Ponikarovsky      Mattias Weinhandl        10     1   2  2  

5 vs 5 Defense 
   Defense                  Defense                                           Time % Phy DF OF 
 1 Chris Phillips           Bryan McCabe                                      40     0   2  3  
 2 Ryan Whitney             Jordan Leopold                                    30     0   2  3  
 3 Nick Schultz             Matt Smaby                                        20     0   3  2  
 4 Chris Phillips           Bryan McCabe                                      10     1   2  2  

PowerPlay Forward 
   Center                   Left Wing                Right Wing               Time % Phy DF OF 
 1 Vincent Lecavalier       Simon Gagné              Jordan Eberle            60     0   1  4  
 2 Tyler Arnason            Ryan Malone              Maxim Afinogenov         40     0   1  4  

PowerPlay Defense
   Defense                  Defense                                           Time % Phy DF OF 
 1 Chris Phillips           Bryan McCabe                                      60     0   2  3  
 2 Ryan Whitney             Jordan Leopold                                    40     0   2  3  

Penalty Kill 4 Players Forward 
   Center                   Wing                     Time % Phy DF OF 
 1 Vincent Lecavalier       Simon Gagné              60     1   4  0  
 2 Éric Belanger            Ryan Malone              40     1   4  0  

Penalty Kill 4 Players Defense
   Defense                  Defense                  Time % Phy DF OF 
 1 Chris Phillips           Ryan Whitney             60     1   4  0  
 2 Jordan Leopold           Nick Schultz             40     1   4  0  

Penalty Kill - 3 Players Forward 
   Forward                                           Time % Phy DF OF 
 1 Vincent Lecavalier                                60     1   4  0  
 2 Simon Gagné                                       40     1   4  0  

Penalty Kill - 3 Players Defense
   Defense                  Defense                  Time % Phy DF OF 
 1 Chris Phillips           Ryan Whitney             60     1   4  0  
 2 Jordan Leopold           Nick Schultz             40     1   4  0  

4 vs 4 Forward 
   Center                   Wing                     Time % Phy DF OF 
 1 Vincent Lecavalier       Simon Gagné              60     0   2  3  
 2 Tyler Arnason            Maxim Afinogenov         40     0   2  3  

4 vs 4 Defense
   Defense                  Defense                  Time % Phy DF OF 
 1 Chris Phillips           Bryan McCabe             60     1   2  2  
 2 Ryan Whitney             Jordan Leopold           40     1   2  2  

Last Minutes Offensive
   Center                   Left Wing                Right Wing               Defense                  Defense                  
   Vincent Lecavalier       Simon Gagné              Maxim Afinogenov         Chris Phillips           Bryan McCabe             

Last Minutes Defensive
   Center                   Left Wing                Right Wing               Defense                  Defense                  
   Vincent Lecavalier       Simon Gagné              Maxim Afinogenov         Chris Phillips           Ryan Whitney             

Goaltenders
Starting : Jean-Sébastien Giguère   
Backup : Mike Smith               

Extra Forwards
Normal : Maxim Afinogenov, Vincent Lecavalier, Simon Gagné - PP : Maxim Afinogenov, Simon Gagné - PK : Ryan Bayda
Extra Defensemen
Normal : Jordan Leopold, Matt Smaby, Ryan Whitney - PP : Jordan Leopold - PK : Matt Smaby, Bryan McCabe
Penalty Shots
Vincent Lecavalier, Simon Gagné, Bryan McCabe, Jordan Eberle, Maxim Afinogenov

Flames

5 vs 5 Forward 
   Center                   Left Wing                Right Wing               Time % Phy DF OF 
 1 Eric Staal               Alexander Semin          David Backes             40     1   2  2  
 2 Michal Handzus           Darcy Hordichuk          Milan Hejduk             30     1   2  2  
 3 Josef Vasicek            Mark Bell                Jordin Tootoo            20     1   2  2  
 4 Marcel Goc               Mike Leclerc             Branko Radivojevic       10     1   2  2  

5 vs 5 Defense 
   Defense                  Defense                                           Time % Phy DF OF 
 1 Niklas Kronwall          Steve Eminger                                     40     1   2  2  
 2 François Beauchemin      Erik Johnson                                      30     1   2  2  
 3 Derek Meech              Ron Hainsey                                       20     1   2  2  
 4 François Beauchemin      Steve Eminger                                     10     1   2  2  

PowerPlay Forward 
   Center                   Left Wing                Right Wing               Time % Phy DF OF 
 1 Eric Staal               Alexander Semin          Milan Hejduk             60     1   2  2  
 2 Josef Vasicek            Mark Bell                David Backes             40     1   2  2  

PowerPlay Defense
   Defense                  Defense                                           Time % Phy DF OF 
 1 François Beauchemin      Erik Johnson                                      60     1   2  2  
 2 Niklas Kronwall          Ron Hainsey                                       40     1   2  2  

Penalty Kill 4 Players Forward 
   Center                   Wing                     Time % Phy DF OF 
 1 Michal Handzus           Darcy Hordichuk          60     1   3  1  
 2 Eric Staal               Mike Leclerc             40     1   3  1  

Penalty Kill 4 Players Defense
   Defense                  Defense                  Time % Phy DF OF 
 1 François Beauchemin      Steve Eminger            60     1   3  1  
 2 Derek Meech              Erik Johnson             40     1   3  1  

Penalty Kill - 3 Players Forward 
   Forward                                           Time % Phy DF OF 
 1 Michal Handzus                                    60     1   3  1  
 2 Eric Staal                                        40     1   3  1  

Penalty Kill - 3 Players Defense
   Defense                  Defense                  Time % Phy DF OF 
 1 François Beauchemin      Steve Eminger            60     1   4  0  
 2 Derek Meech              Erik Johnson             40     1   4  0  

4 vs 4 Forward 
   Center                   Wing                     Time % Phy DF OF 
 1 Eric Staal               Alexander Semin          60     1   2  2  
 2 Michal Handzus           David Backes             40     1   2  2  

4 vs 4 Defense
   Defense                  Defense                  Time % Phy DF OF 
 1 Niklas Kronwall          Steve Eminger            60     1   2  2  
 2 François Beauchemin      Erik Johnson             40     1   2  2  

Last Minutes Offensive
   Center                   Left Wing                Right Wing               Defense                  Defense                  
   Eric Staal               Alexander Semin          David Backes             Niklas Kronwall          Steve Eminger            

Last Minutes Defensive
   Center                   Left Wing                Right Wing               Defense                  Defense                  
   Eric Staal               Alexander Semin          David Backes             François Beauchemin      Steve Eminger            

Goaltenders
Starting : Craig Anderson           
Backup : Pekka Rinne              

Extra Forwards
Normal : Jordin Tootoo, Mike Leclerc, Mark Bell - PP : Jordin Tootoo, Mike Leclerc - PK : Mark Bell
Extra Defensemen
Normal : François Beauchemin, Erik Johnson, Derek Meech - PP : Derek Meech - PK : Ron Hainsey, François Beauchemin
Penalty Shots
Alexander Semin, Eric Staal, Marcel Goc, Milan Hejduk, David Backes

% Time on Ice - Nordiques

Lines # - Real PCT - Wanted PCT - Time Play
Normal Forward
1 - 34% - 40% - 17:02
2 - 26% - 30% - 13:14
3 - 22% - 20% - 10:59
4 - 18% - 10% - 8:50
Normal Defense
1 - 42% - 40% - 21:15
2 - 31% - 30% - 15:37
3 - 20% - 20% - 10:10
4 - 6% - 10% - 3:03
PP Forward
1 - 50% - 60% - 2:59
2 - 50% - 40% - 2:58
PP Defense
1 - 100% - 60% - 5:57
2 - 0% - 40% - 0:00
PK Forward
1 - 66% - 60% - 2:36
2 - 34% - 40% - 1:22
PK Defense
1 - 57% - 60% - 2:16
2 - 43% - 40% - 1:42
PK3 Forward
1 - 0% - 60%
2 - 0% - 40%
PK3 Defense
1 - 0% - 60%
2 - 0% - 40%
44 Forward
1 - 0% - 60%
2 - 0% - 40%
44 Defense
1 - 0% - 60%
2 - 0% - 40%
Last Minute Offensive  - 0:00
Last Minute Defensive  - 0:00
Total
Forward - 60:00
Defense - 60:00

% Time on Ice - Flames

Lines # - Real PCT - Wanted PCT - Time Play
Normal Forward
1 - 33% - 40% - 16:32
2 - 26% - 30% - 12:51
3 - 21% - 20% - 10:18
4 - 21% - 10% - 10:24
Normal Defense
1 - 41% - 40% - 20:30
2 - 30% - 30% - 14:47
3 - 26% - 20% - 13:16
4 - 3% - 10% - 1:32
PP Forward
1 - 58% - 60% - 2:17
2 - 42% - 40% - 1:41
PP Defense
1 - 64% - 60% - 2:32
2 - 36% - 40% - 1:26
PK Forward
1 - 79% - 60% - 4:42
2 - 21% - 40% - 1:15
PK Defense
1 - 61% - 60% - 3:39
2 - 39% - 40% - 2:18
PK3 Forward
1 - 0% - 60%
2 - 0% - 40%
PK3 Defense
1 - 0% - 60%
2 - 0% - 40%
44 Forward
1 - 0% - 60%
2 - 0% - 40%
44 Defense
1 - 0% - 60%
2 - 0% - 40%
Last Minute Offensive  - 0:00
Last Minute Defensive  - 0:00
Total
Forward - 60:00
Defense - 60:00

Play by Play

1st period


0:01 of 1st period - Eric Staal wins face-off versus Vincent Lecavalier in neutral zone.
0:04 of 1st period - Snap shot by Eric Staal.
0:04 of 1st period - Stopped by Jean-Sébastien Giguère with a rebound.
0:26 of 1st period - Bryan McCabe is hit by Niklas Kronwall and loses puck.
1:05 of 1st period - Minor Penalty to Éric Belanger for Roughing.
1:06 of 1st period - Vincent Lecavalier wins face-off versus Eric Staal in Nordiques zone.
2:19 of 1st period - Josef Vasicek is hit by Vincent Lecavalier and loses puck.
2:36 of 1st period - Eric Staal is hit by Jordan Leopold and loses puck.
2:57 of 1st period - Josef Vasicek is hit by Ryan Whitney and loses puck.
3:05 of 1st period - Penalty to Éric Belanger is over, Éric Belanger is back on ice.
3:12 of 1st period - Slapshot by Marcel Goc.
3:12 of 1st period - Deflect By Mike Leclerc.
3:12 of 1st period - Shot Misses the Net.
3:12 of 1st period - Puck is out of play.
3:13 of 1st period - Marcel Goc wins face-off versus Alexei Ponikarovsky in Nordiques zone.
3:38 of 1st period - Ron Hainsey is hit by Bryan McCabe and loses puck.
3:47 of 1st period - Slapshot by Ales Kotalik.
3:47 of 1st period - Shot Misses the Net.
4:15 of 1st period - Steve Eminger is hit by Ryan Malone and loses puck.
4:59 of 1st period - Snap shot by Simon Gagné.
4:59 of 1st period - Shot Misses the Net.
5:17 of 1st period - Slapshot by Milan Hejduk.
5:17 of 1st period - Shot Misses the Net.
5:19 of 1st period - Wrist shot by Steve Eminger.
5:19 of 1st period - Shot Misses the Net.
5:21 of 1st period - Snap shot by Milan Hejduk.
5:21 of 1st period - Goal by Milan Hejduk - Nordiques : 0 - Flames : 1.
5:22 of 1st period - Vincent Lecavalier wins face-off versus Eric Staal in neutral zone.
5:25 of 1st period - Snap shot by Chris Phillips.
5:25 of 1st period - Shot Blocked by David Backes.
6:22 of 1st period - Slapshot by Branko Radivojevic.
6:22 of 1st period - Stopped by Jean-Sébastien Giguère without a rebound.
6:23 of 1st period - Eric Staal wins face-off versus Vincent Lecavalier in Nordiques zone.
6:55 of 1st period - Wrist shot by Milan Hejduk.
6:55 of 1st period - Shot Blocked by Chris Phillips.
6:57 of 1st period - Slapshot by François Beauchemin.
6:57 of 1st period - Stopped by Jean-Sébastien Giguère with a rebound.
7:11 of 1st period - Jordin Tootoo is hit by Ales Kotalik and loses puck.
7:15 of 1st period - Icing by Ron Hainsey.
7:16 of 1st period - Vincent Lecavalier wins face-off versus Josef Vasicek in Flames zone.
7:55 of 1st period - Wrist shot by Jordin Tootoo.
7:55 of 1st period - Stopped by Jean-Sébastien Giguère with a rebound.
7:57 of 1st period - Slapshot by Ron Hainsey.
7:57 of 1st period - Stopped by Jean-Sébastien Giguère without a rebound.
7:57 of 1st period - Josef Vasicek and Jordan Eberle fight to a draw.
7:57 of 1st period - Penalty to Josef Vasicek for Fighting.
7:57 of 1st period - Penalty to Jordan Eberle for Fighting.
7:58 of 1st period - Tyler Arnason wins face-off versus Eric Staal in Nordiques zone.
7:58 of 1st period - Tyler Arnason is hit by François Beauchemin.
9:32 of 1st period - Wrist shot by Ryan Whitney.
9:32 of 1st period - Shot Misses the Net.
9:46 of 1st period - Slapshot by Milan Hejduk.
9:46 of 1st period - Shot Misses the Net.
10:02 of 1st period - Jordan Leopold is hit by David Backes and loses puck.
11:25 of 1st period - Simon Gagné is hit by Mike Leclerc and loses puck.
11:35 of 1st period - Icing by Bryan McCabe.
11:36 of 1st period - Rickard Wallin wins face-off versus Eric Staal in Nordiques zone.
11:43 of 1st period - Wrist shot by Rickard Wallin.
11:43 of 1st period - Deflect By Alexei Ponikarovsky.
11:43 of 1st period - Shot Misses the Net.
11:43 of 1st period - Puck is out of play.
11:44 of 1st period - Vincent Lecavalier wins face-off versus Michal Handzus in Flames zone.
12:09 of 1st period - Éric Belanger is hit by Eric Staal and loses puck.
13:29 of 1st period - Snap shot by Ryan Bayda.
13:29 of 1st period - Shot Misses the Net.
13:47 of 1st period - Slapshot by Tyler Arnason.
13:47 of 1st period - Stopped by Craig Anderson without a rebound.
13:48 of 1st period - Tyler Arnason wins face-off versus Eric Staal in Flames zone.
13:55 of 1st period - Snap shot by Tyler Arnason.
13:55 of 1st period - Stopped by Craig Anderson with a rebound.
14:37 of 1st period - Wrist shot by Marcel Goc.
14:37 of 1st period - Stopped by Jean-Sébastien Giguère without a rebound.
14:38 of 1st period - Marcel Goc wins face-off versus Ryan Bayda in Nordiques zone.
14:38 of 1st period - Marcel Goc is hit by Nick Schultz.
15:01 of 1st period - Minor Penalty to Ales Kotalik for Holding.
15:02 of 1st period - Eric Staal wins face-off versus Vincent Lecavalier in Nordiques zone.
15:27 of 1st period - Icing by Eric Staal.
15:28 of 1st period - Eric Staal wins face-off versus Vincent Lecavalier in Flames zone.
17:01 of 1st period - Penalty to Ales Kotalik is over, Ales Kotalik is back on ice.
17:14 of 1st period - Ales Kotalik is hit by Steve Eminger and loses puck.
17:23 of 1st period - Ron Hainsey is hit by Ales Kotalik and loses puck.
17:41 of 1st period - Snap shot by Ryan Bayda.
17:41 of 1st period - Stopped by Craig Anderson with a rebound.
17:55 of 1st period - Mike Leclerc is hit by Jordan Leopold and loses puck.
18:21 of 1st period - Snap shot by Ryan Bayda.
18:21 of 1st period - Stopped by Craig Anderson with a rebound.
18:29 of 1st period - Slapshot by François Beauchemin.
18:29 of 1st period - Shot Blocked by Bryan McCabe.
18:31 of 1st period - Snap shot by Mike Leclerc.
18:31 of 1st period - Shot Blocked by Bryan McCabe.
18:33 of 1st period - Snap shot by Marcel Goc.
18:33 of 1st period - Stopped by Jean-Sébastien Giguère with a rebound.
18:35 of 1st period - Slapshot by François Beauchemin.
18:35 of 1st period - Shot Blocked by Chris Phillips.
18:47 of 1st period - Snap shot by Marcel Goc.
18:47 of 1st period - Shot Misses the Net.
18:49 of 1st period - Slapshot by Branko Radivojevic.
18:49 of 1st period - Goal by Branko Radivojevic - Nordiques : 0 - Flames : 2.
18:50 of 1st period - Tyler Arnason wins face-off versus Eric Staal in neutral zone.
19:05 of 1st period - Wrist shot by Ryan Malone.
19:05 of 1st period - Stopped by Craig Anderson with a rebound.
19:15 of 1st period - Jordan Leopold is hit by Steve Eminger and loses puck.
19:38 of 1st period - Wrist shot by Jordin Tootoo.
19:38 of 1st period - Shot Misses the Net.
19:40 of 1st period - Slapshot by Erik Johnson.
19:40 of 1st period - Shot Blocked by Ryan Malone.
19:42 of 1st period - Snap shot by Mark Bell.
19:42 of 1st period - Shot Misses the Net.
19:44 of 1st period - Wrist shot by Mark Bell.
19:44 of 1st period - Stopped by Jean-Sébastien Giguère without a rebound.
19:45 of 1st period - Mattias Weinhandl wins face-off versus Eric Staal in Nordiques zone.
19:50 of 1st period - Slapshot by Chris Phillips.
19:50 of 1st period - Stopped by Craig Anderson with a rebound.
Goals for this period are 0 for Nordiques vs 2 for Flames.
Shots for this period are 6 for Nordiques vs 10 for Flames.

2nd period


0:01 of 2nd period - Eric Staal wins face-off versus Tyler Arnason in neutral zone.
0:27 of 2nd period - Milan Hejduk is hit by Bryan McCabe and loses puck.
0:38 of 2nd period - Snap shot by Ryan Bayda.
0:38 of 2nd period - Stopped by Craig Anderson with a rebound.
1:00 of 2nd period - Wrist shot by Simon Gagné.
1:00 of 2nd period - Stopped by Craig Anderson with a rebound.
2:53 of 2nd period - Snap shot by Marcel Goc.
2:53 of 2nd period - Deflect By Chris Phillips.
2:53 of 2nd period - Shot Misses the Net.
2:53 of 2nd period - Puck is out of play.
2:54 of 2nd period - Alexei Ponikarovsky wins face-off versus Marcel Goc in Nordiques zone.
3:07 of 2nd period - Slapshot by François Beauchemin.
3:07 of 2nd period - Stopped by Jean-Sébastien Giguère without a rebound.
3:08 of 2nd period - Eric Staal wins face-off versus Vincent Lecavalier in Nordiques zone.
3:09 of 2nd period - Snap shot by David Backes.
3:09 of 2nd period - Shot Misses the Net.
3:13 of 2nd period - Wrist shot by Eric Staal.
3:13 of 2nd period - Stopped by Jean-Sébastien Giguère without a rebound.
3:14 of 2nd period - Eric Staal wins face-off versus Vincent Lecavalier in Nordiques zone.
3:34 of 2nd period - Vincent Lecavalier is hit by Eric Staal and loses puck.
4:05 of 2nd period - Slapshot by Niklas Kronwall.
4:05 of 2nd period - Stopped by Jean-Sébastien Giguère with a rebound.
4:07 of 2nd period - Slapshot by David Backes.
4:07 of 2nd period - Deflect By Alexander Semin.
4:07 of 2nd period - Shot Misses the Net.
4:07 of 2nd period - Puck is out of play.
4:08 of 2nd period - Michal Handzus wins face-off versus Tyler Arnason in Nordiques zone.
4:33 of 2nd period - Bryan McCabe is hit by Josef Vasicek and loses puck.
4:38 of 2nd period - Snap shot by Jordin Tootoo.
4:38 of 2nd period - Stopped by Jean-Sébastien Giguère without a rebound.
4:39 of 2nd period - Josef Vasicek wins face-off versus Tyler Arnason in Nordiques zone.
4:54 of 2nd period - Wrist shot by Jordin Tootoo.
4:54 of 2nd period - Stopped by Jean-Sébastien Giguère with a rebound.
5:15 of 2nd period - Snap shot by Jordin Tootoo.
5:15 of 2nd period - Goal by Jordin Tootoo - Nordiques : 0 - Flames : 3.
5:16 of 2nd period - Eric Staal wins face-off versus Simon Gagné in neutral zone.
5:46 of 2nd period - Snap shot by Ryan Bayda.
5:46 of 2nd period - Shot Misses the Net.
5:52 of 2nd period - Éric Belanger is hit by David Backes and loses puck.
6:17 of 2nd period - Éric Belanger is hit by Alexander Semin and loses puck.
6:40 of 2nd period - Slapshot by Alexander Semin.
6:40 of 2nd period - Shot Misses the Net.
6:56 of 2nd period - Snap shot by Ryan Bayda.
6:56 of 2nd period - Stopped by Craig Anderson without a rebound.
6:57 of 2nd period - Vincent Lecavalier wins face-off versus Michal Handzus in Flames zone.
7:02 of 2nd period - Wrist shot by Simon Gagné.
7:02 of 2nd period - Deflect By Steve Eminger.
7:02 of 2nd period - Stopped by Craig Anderson with a rebound.
7:29 of 2nd period - Snap shot by Tyler Arnason.
7:29 of 2nd period - Shot Blocked by Jordin Tootoo.
7:35 of 2nd period - Ryan Malone is hit by Steve Eminger and loses puck.
7:48 of 2nd period - Snap shot by Alexei Ponikarovsky.
7:48 of 2nd period - Shot Misses the Net.
7:54 of 2nd period - François Beauchemin is hit by Jordan Leopold and loses puck.
8:34 of 2nd period - Snap shot by Alexei Ponikarovsky.
8:34 of 2nd period - Stopped by Craig Anderson with a rebound.
8:36 of 2nd period - Slapshot by Rickard Wallin.
8:36 of 2nd period - Stopped by Craig Anderson with a rebound.
8:38 of 2nd period - Snap shot by Alexei Ponikarovsky.
8:38 of 2nd period - Stopped by Craig Anderson with a rebound.
8:40 of 2nd period - Slapshot by Jordan Leopold.
8:40 of 2nd period - Stopped by Craig Anderson with a rebound.
8:50 of 2nd period - Wrist shot by Rickard Wallin.
8:50 of 2nd period - Deflect By Alexei Ponikarovsky.
8:50 of 2nd period - Stopped by Craig Anderson with a rebound.
8:54 of 2nd period - Wrist shot by Mattias Weinhandl.
8:54 of 2nd period - Stopped by Craig Anderson without a rebound.
8:55 of 2nd period - Josef Vasicek wins face-off versus Vincent Lecavalier in Flames zone.
9:00 of 2nd period - Josef Vasicek is hit by Jordan Eberle and loses puck.
9:45 of 2nd period - Slapshot by Ryan Bayda.
9:45 of 2nd period - Stopped by Craig Anderson without a rebound.
9:46 of 2nd period - Éric Belanger wins face-off versus Michal Handzus in Flames zone.
9:49 of 2nd period - Slapshot by Ryan Bayda.
9:49 of 2nd period - Shot Blocked by François Beauchemin.
10:11 of 2nd period - Erik Johnson is hit by Jordan Eberle and loses puck.
10:23 of 2nd period - Icing by David Backes.
10:24 of 2nd period - Eric Staal wins face-off versus Tyler Arnason in Flames zone.
10:29 of 2nd period - Snap shot by Eric Staal.
10:29 of 2nd period - Shot Misses the Net.
10:31 of 2nd period - Snap shot by Alexander Semin.
10:31 of 2nd period - Stopped by Jean-Sébastien Giguère with a rebound.
10:49 of 2nd period - Niklas Kronwall is hit by Vincent Lecavalier and loses puck.
11:00 of 2nd period - Wrist shot by Michal Handzus.
11:00 of 2nd period - Shot Blocked by Vincent Lecavalier.
11:21 of 2nd period - Snap shot by Michal Handzus.
11:21 of 2nd period - Stopped by Jean-Sébastien Giguère with a rebound.
11:31 of 2nd period - Snap shot by Simon Gagné.
11:31 of 2nd period - Deflect By Jordan Eberle.
11:31 of 2nd period - Deflect By Darcy Hordichuk.
11:31 of 2nd period - Shot Blocked by Steve Eminger.
11:31 of 2nd period - Puck is out of play.
11:32 of 2nd period - Tyler Arnason wins face-off versus Eric Staal in Flames zone.
11:35 of 2nd period - Snap shot by Tyler Arnason.
11:35 of 2nd period - Stopped by Craig Anderson with a rebound.
11:37 of 2nd period - Wrist shot by Ryan Malone.
11:37 of 2nd period - Shot Misses the Net.
11:39 of 2nd period - Snap shot by Maxim Afinogenov.
11:39 of 2nd period - Shot Blocked by François Beauchemin.
11:41 of 2nd period - Snap shot by Chris Phillips.
11:41 of 2nd period - Stopped by Craig Anderson without a rebound.
11:42 of 2nd period - Tyler Arnason wins face-off versus Eric Staal in Flames zone.
11:47 of 2nd period - Snap shot by Tyler Arnason.
11:47 of 2nd period - Goal by Tyler Arnason - Nordiques : 1 - Flames : 3.
11:48 of 2nd period - Vincent Lecavalier wins face-off versus Eric Staal in neutral zone.
11:50 of 2nd period - Chris Phillips is hit by David Backes and loses puck.
11:51 of 2nd period - Chris Phillips from Nordiques is injured at 11:51 of 2nd period (Right Hip).
11:52 of 2nd period - Eric Staal wins face-off versus Vincent Lecavalier in neutral zone.
11:54 of 2nd period - Minor Penalty to François Beauchemin for Tripping.
11:55 of 2nd period - Michal Handzus wins face-off versus Vincent Lecavalier in Flames zone.
13:54 of 2nd period - Penalty to François Beauchemin is over, François Beauchemin is back on ice.
14:23 of 2nd period - Jordin Tootoo is hit by Jordan Leopold and loses puck.
14:36 of 2nd period - Slapshot by Ryan Bayda.
14:36 of 2nd period - Stopped by Craig Anderson with a rebound.
14:51 of 2nd period - Steve Eminger is hit by Rickard Wallin and loses puck.
15:14 of 2nd period - Vincent Lecavalier is hit by Derek Meech and loses puck.
15:42 of 2nd period - Eric Staal is hit by Bryan McCabe and loses puck.
16:17 of 2nd period - Wrist shot by Simon Gagné.
16:17 of 2nd period - Deflect By Jordan Eberle.
16:17 of 2nd period - Goal by Jordan Eberle - Nordiques : 2 - Flames : 3.
16:18 of 2nd period - Tyler Arnason wins face-off versus Michal Handzus in neutral zone.
16:25 of 2nd period - Wrist shot by Darcy Hordichuk.
16:25 of 2nd period - Shot Blocked by Ryan Malone.
16:27 of 2nd period - Snap shot by Milan Hejduk.
16:27 of 2nd period - Stopped by Jean-Sébastien Giguère with a rebound.
16:29 of 2nd period - Wrist shot by Michal Handzus.
16:29 of 2nd period - Shot Misses the Net.
16:31 of 2nd period - Slapshot by Erik Johnson.
16:31 of 2nd period - Stopped by Jean-Sébastien Giguère with a rebound.
16:33 of 2nd period - Slapshot by François Beauchemin.
16:33 of 2nd period - Deflect By Maxim Afinogenov.
16:33 of 2nd period - Stopped by Jean-Sébastien Giguère without a rebound.
16:34 of 2nd period - Jordin Tootoo wins face-off versus Éric Belanger in Nordiques zone.
17:22 of 2nd period - Snap shot by Eric Staal.
17:22 of 2nd period - Shot Blocked by Alexei Ponikarovsky.
17:24 of 2nd period - Slapshot by Alexander Semin.
17:24 of 2nd period - Deflect By David Backes.
17:24 of 2nd period - Goal by David Backes - Nordiques : 2 - Flames : 4.
17:25 of 2nd period - Eric Staal wins face-off versus Vincent Lecavalier in neutral zone.
17:28 of 2nd period - Jordan Leopold is hit by Steve Eminger and loses puck.
17:58 of 2nd period - Snap shot by Milan Hejduk.
17:58 of 2nd period - Stopped by Jean-Sébastien Giguère without a rebound.
17:59 of 2nd period - Tyler Arnason wins face-off versus Michal Handzus in Nordiques zone.
18:11 of 2nd period - Darcy Hordichuk is hit by Tyler Arnason and loses puck.
18:18 of 2nd period - Tyler Arnason is hit by Michal Handzus.
18:29 of 2nd period - Off-side.
18:30 of 2nd period - Eric Staal wins face-off versus Vincent Lecavalier in neutral zone.
18:45 of 2nd period - Slapshot by Alexander Semin.
18:45 of 2nd period - Stopped by Jean-Sébastien Giguère with a rebound.
18:55 of 2nd period - Bryan McCabe is hit by Jordin Tootoo and loses puck.
Goals for this period are 2 for Nordiques vs 2 for Flames.
Shots for this period are 16 for Nordiques vs 14 for Flames.

3rd period


0:01 of 3rd period - Vincent Lecavalier wins face-off versus Eric Staal in neutral zone.
0:25 of 3rd period - Steve Eminger is hit by Ryan Malone and loses puck.
0:51 of 3rd period - Matt Smaby is hit by Marcel Goc and loses puck.
1:12 of 3rd period - Derek Meech is hit by Rickard Wallin.
1:31 of 3rd period - Backhand shot by Michal Handzus.
1:31 of 3rd period - Stopped by Jean-Sébastien Giguère without a rebound.
1:32 of 3rd period - Michal Handzus wins face-off versus Jordan Eberle in Nordiques zone.
1:37 of 3rd period - Snap shot by Michal Handzus.
1:37 of 3rd period - Stopped by Jean-Sébastien Giguère with a rebound.
1:53 of 3rd period - Michal Handzus is hit by Matt Smaby and loses puck.
1:58 of 3rd period - Slapshot by Vincent Lecavalier.
1:58 of 3rd period - Stopped by Craig Anderson without a rebound.
1:59 of 3rd period - Tyler Arnason wins face-off versus Eric Staal in Flames zone.
2:29 of 3rd period - Wrist shot by Éric Belanger.
2:29 of 3rd period - Stopped by Craig Anderson with a rebound.
2:31 of 3rd period - Minor Penalty to Josef Vasicek for Holding.
2:32 of 3rd period - Simon Gagné wins face-off versus Darcy Hordichuk in Flames zone.
4:31 of 3rd period - Penalty to Josef Vasicek is over, Josef Vasicek is back on ice.
4:49 of 3rd period - Wrist shot by Ales Kotalik.
4:49 of 3rd period - Shot Misses the Net.
4:51 of 3rd period - Wrist shot by Éric Belanger.
4:51 of 3rd period - Stopped by Craig Anderson without a rebound.
4:52 of 3rd period - Éric Belanger wins face-off versus Marcel Goc in Flames zone.
4:57 of 3rd period - Wrist shot by Ryan Bayda.
4:57 of 3rd period - Shot Misses the Net.
4:59 of 3rd period - Slapshot by Éric Belanger.
4:59 of 3rd period - Stopped by Craig Anderson with a rebound.
5:03 of 3rd period - Snap shot by Éric Belanger.
5:03 of 3rd period - Stopped by Craig Anderson with a rebound.
5:07 of 3rd period - Slapshot by Éric Belanger.
5:07 of 3rd period - Stopped by Craig Anderson with a rebound.
5:26 of 3rd period - Slapshot by Josef Vasicek.
5:26 of 3rd period - Stopped by Jean-Sébastien Giguère with a rebound.
5:40 of 3rd period - Slapshot by Michal Handzus.
5:40 of 3rd period - Stopped by Jean-Sébastien Giguère with a rebound.
5:42 of 3rd period - Slapshot by Milan Hejduk.
5:42 of 3rd period - Stopped by Jean-Sébastien Giguère with a rebound.
5:44 of 3rd period - Backhand shot by Milan Hejduk.
5:44 of 3rd period - Shot Blocked by Simon Gagné.
5:58 of 3rd period - David Backes is hit by Jordan Leopold and loses puck.
6:07 of 3rd period - Backhand shot by Éric Belanger.
6:07 of 3rd period - Shot Misses the Net.
6:17 of 3rd period - Nick Schultz is hit by Marcel Goc and loses puck.
6:26 of 3rd period - Icing by Mike Leclerc.
6:27 of 3rd period - Vincent Lecavalier wins face-off versus Marcel Goc in Flames zone.
6:45 of 3rd period - Marcel Goc is hit by Vincent Lecavalier and loses puck.
6:58 of 3rd period - Wrist shot by Marcel Goc.
6:58 of 3rd period - Shot Blocked by Matt Smaby.
7:04 of 3rd period - Snap shot by Maxim Afinogenov.
7:04 of 3rd period - Stopped by Craig Anderson with a rebound.
7:06 of 3rd period - Snap shot by Ryan Malone.
7:06 of 3rd period - Stopped by Craig Anderson with a rebound.
7:23 of 3rd period - Icing by Niklas Kronwall.
7:24 of 3rd period - Marcel Goc wins face-off versus Vincent Lecavalier in Flames zone.
7:37 of 3rd period - Snap shot by Branko Radivojevic.
7:37 of 3rd period - Stopped by Jean-Sébastien Giguère without a rebound.
7:38 of 3rd period - Tyler Arnason wins face-off versus Eric Staal in Nordiques zone.
7:38 of 3rd period - Tyler Arnason is hit by David Backes.
7:44 of 3rd period - Slapshot by Jordan Leopold.
7:44 of 3rd period - Stopped by Craig Anderson without a rebound.
7:45 of 3rd period - Tyler Arnason wins face-off versus Eric Staal in Flames zone.
7:52 of 3rd period - Snap shot by Maxim Afinogenov.
7:52 of 3rd period - Stopped by Craig Anderson without a rebound.
7:53 of 3rd period - Vincent Lecavalier wins face-off versus Eric Staal in Flames zone.
7:57 of 3rd period - Minor Penalty to Alexander Semin for Interference.
7:58 of 3rd period - Vincent Lecavalier wins face-off versus Michal Handzus in Flames zone.
8:23 of 3rd period - Darcy Hordichuk is hit by Jordan Leopold and loses puck.
8:46 of 3rd period - Eric Staal is hit by Simon Gagné and loses puck.
9:57 of 3rd period - Penalty to Alexander Semin is over, Alexander Semin is back on ice.
10:07 of 3rd period - Mark Bell is hit by Nick Schultz.
10:23 of 3rd period - Ryan Whitney is hit by Branko Radivojevic.
10:27 of 3rd period - Alexei Ponikarovsky is hit by Marcel Goc and loses puck.
10:34 of 3rd period - Marcel Goc is hit by Rickard Wallin and loses puck.
10:45 of 3rd period - Mike Leclerc is hit by Ryan Whitney.
11:30 of 3rd period - Ron Hainsey is hit by Bryan McCabe.
11:42 of 3rd period - Jordan Leopold is hit by Mark Bell and loses puck.
12:03 of 3rd period - Jordan Leopold is hit by Alexander Semin and loses puck.
12:39 of 3rd period - Off-side.
12:40 of 3rd period - Marcel Goc wins face-off versus Tyler Arnason in neutral zone.
12:49 of 3rd period - Snap shot by Marcel Goc.
12:49 of 3rd period - Stopped by Jean-Sébastien Giguère with a rebound.
13:08 of 3rd period - Darcy Hordichuk is hit by Bryan McCabe and loses puck.
13:36 of 3rd period - Niklas Kronwall is hit by Ryan Bayda and loses puck.
14:13 of 3rd period - Icing by Simon Gagné.
14:14 of 3rd period - Vincent Lecavalier wins face-off versus Michal Handzus in Nordiques zone.
14:21 of 3rd period - Wrist shot by Simon Gagné.
14:21 of 3rd period - Shot Misses the Net.
14:27 of 3rd period - Snap shot by Darcy Hordichuk.
14:27 of 3rd period - Deflect By Milan Hejduk.
14:27 of 3rd period - Stopped by Jean-Sébastien Giguère without a rebound.
14:28 of 3rd period - Eric Staal wins face-off versus Vincent Lecavalier in Nordiques zone.
14:29 of 3rd period - Slapshot by Alexander Semin.
14:29 of 3rd period - Stopped by Jean-Sébastien Giguère with a rebound.
14:53 of 3rd period - Bryan McCabe is hit by Darcy Hordichuk and loses puck.
15:52 of 3rd period - Wrist shot by Mattias Weinhandl.
15:52 of 3rd period - Shot Misses the Net.
15:54 of 3rd period - Backhand shot by Alexei Ponikarovsky.
15:54 of 3rd period - Stopped by Craig Anderson without a rebound.
15:55 of 3rd period - Rickard Wallin wins face-off versus Eric Staal in Flames zone.
16:08 of 3rd period - Wrist shot by David Backes.
16:08 of 3rd period - Shot Blocked by Matt Smaby.
16:10 of 3rd period - Snap shot by Eric Staal.
16:10 of 3rd period - Goal by Eric Staal - Nordiques : 2 - Flames : 5.
16:11 of 3rd period - Vincent Lecavalier wins face-off versus Eric Staal in neutral zone.
16:13 of 3rd period - Ryan Whitney is hit by David Backes.
17:50 of 3rd period - Snap shot by Michal Handzus.
17:50 of 3rd period - Shot Misses the Net.
17:52 of 3rd period - Snap shot by Derek Meech.
17:52 of 3rd period - Stopped by Jean-Sébastien Giguère without a rebound.
17:53 of 3rd period - Vincent Lecavalier wins face-off versus Eric Staal in Nordiques zone.
18:22 of 3rd period - Icing by Derek Meech.
18:23 of 3rd period - Michal Handzus wins face-off versus Tyler Arnason in Flames zone.
18:23 of 3rd period - Milan Hejduk is hit by Maxim Afinogenov and loses puck.
19:27 of 3rd period - Snap shot by Alexei Ponikarovsky.
19:27 of 3rd period - Stopped by Craig Anderson with a rebound.
Goals for this period are 0 for Nordiques vs 1 for Flames.
Shots for this period are 12 for Nordiques vs 11 for Flames.


Output by the SimonT Hockey Simulator (STHS) for François Prévost -- Original Page W3C XHTML 1.0 Valid
Hockey Simulator - Hockey Simulation - Hockey Manager